 Dungeon Crawl Stone Soup version 0.26-a0-708-g17f3b190f9 (webtiles) character file.

Game seed: 4831626365272728903

762 snetch the Skirmisher (level 7, -12/63 HPs)
             Began as a Hill Orc Monk on Oct 27, 2020.
             Mangled by an ogre
             ... wielding a +0 giant spiked club
              (30 damage)
             ... on level 4 of the Dungeon.
             The game lasted 00:17:16 (4757 turns).

snetch the Skirmisher (Hill Orc Monk)               Turns: 4757, Time: 00:17:17

Health: -12/63     AC:  8    Str: 16    XL:     7   Next: 81%
Magic:  7/7        EV: 11    Int: 10    God:
Gold:   248        SH:  0    Dex: 13    Spells: 6/6 levels left

rFire    . . .     SeeInvis .   a - +1 whip (flame)
rCold    . . .     Faith    .   (no shield)
rNeg     . . .     Spirit   .   l - +0 scale mail
rPois    .         Reflect  .   (no helmet)
rElec    .         Harm     .   (no cloak)
rCorr    .         Rampage  .   (no gloves)
MR       .....                  m - +0 pair of boots
Stlth    ..........             (no amulet)
HPRegen  0.20/turn              c - ring of attention (curse)
MPRegen  0.10/turn              (no ring)

@: no status effects
A: no striking features
a: no special abilities


You were on level 4 of the Dungeon.
You visited 1 branch of the dungeon, and saw 5 of its levels.
You also visited: Sewer.

You collected 248 gold pieces.

Inventory:

Hand Weapons
 a - a +1 whip of flaming (weapon)
 b - a +0 war axe
 d - a +0 halberd
 h - a +2 short sword of speed
 q - a +0 flail
 E - a +2 rapier of speed
Missiles
 e - 73 stones (quivered)
 f - 38 sling bullets
 g - 113 bolts
 t - 13 poisoned darts
 u - 3 javelins
 G - 82 arrows
Armour
 l - a +0 scale mail (worn)
 m - a +0 pair of boots (worn)
Jewellery
 c - a cursed ring of attention (left hand)
 B - an uncursed ring of fire
Scrolls
 j - 3 scrolls of immolation {unknown}
 n - a scroll of enchant weapon
 o - 4 scrolls of enchant armour {unknown}
 y - a scroll of vulnerability
 F - a scroll of fog {unknown}
 L - a scroll of teleportation {unknown}
Potions
 k - 2 potions of lignification
 v - 3 potions of heal wounds
 w - 2 potions of stabbing
 x - 2 potions of flight
 z - 3 potions of curing {unknown}
 A - 2 potions of brilliance {unknown}
 C - a potion of might
 D - 2 potions of resistance
 I - a potion of mutation
 K - 2 potions of degeneration {unknown}


   Skills:
 + Level 6.2 Fighting
 + Level 5.5(6.4) Axes
 + Level 3.9(5.0) Maces & Flails
 + Level 4.5 Armour
 + Level 3.4 Dodging
 + Level 1.7 Stealth


You had 6 spell levels left.
You didn't know any spells.
Your spell library was empty.

Dungeon Overview and Level Annotations

Branches:
Dungeon (5/15)              Sewer (visited)
 Temple: D:4-7

Altars:
Ashenzari
Wu Jian


Message History

The ogre is severely wounded.
Your scale mail prevents you from hitting the ogre.
The ogre is severely wounded.
The ogre hits you with a +0 giant spiked club.
* * * LOW HITPOINT WARNING * * *
You hit the ogre but do no damage.
The ogre is severely wounded.
You closely miss the ogre.
The ogre is severely wounded.
The ogre barely misses you.
Unknown command.
You hit the ogre but do no damage.
The ogre is severely wounded.
The ogre closely misses you.
You barely miss the ogre.
The ogre is severely wounded.
You hit the ogre. You burn the ogre.
The ogre is severely wounded.
The ogre hits you with a +0 giant spiked club!!
You die...

############
#..........###
##.########...#
#@O.# ###.####
#.<...# #.....
#.......# ######
#.........#
#.........#
#.........#
#######
##.......##
#.....#
##.......#
#.....#
#...##.###.....#


You could see an ogre.

Vanquished Creatures
  Eustachio (D:4)
  A big kobold (Sewer)
  A scorpion (D:4)
  3 hounds
  3 orc wizards (D:3)
  A worker ant (D:4)
  A hound skeleton (D:4)
  6 gnolls
  10 adders
  A white imp (D:5)
  An ufetubus (D:4)
  2 oozes
  3 adder skeletons
  5 worms
  4 dart slugs (D:1)
  2 leopard geckos
  7 orcs
  9 giant cockroaches
  8 hobgoblins
  2 quokkas
  A ball python (Sewer)
  9 bats
  6 frilled lizards
  3 goblins
  23 kobolds
  A quokka zombie (D:5)
  10 rats
124 creatures vanquished.

Vanquished Creatures (others)
  2 plants (Sewer)
2 creatures vanquished.

Grand Total: 126 creatures vanquished

Notes
Turn   | Place    | Note
-------+----------+-------------------------------------------
     0 | D:1      | snetch the Hill Orc Monk began the quest for the Orb.
     0 | D:1      | Reached XP level 1. HP: 19/19 MP: 1/1
   236 | D:1      | Reached skill level 4 in Fighting
   236 | D:1      | Reached XP level 2. HP: 25/27 MP: 2/2
   420 | D:1      | Reached XP level 3. HP: 34/34 MP: 3/3
   985 | D:3      | Reached skill level 1 in Armour
   991 | D:3      | Reached XP level 4. HP: 25/41 MP: 4/4
   994 | D:3      | Reached skill level 5 in Axes
  1129 | D:3      | Found a glowing drain.
  1359 | D:3      | Reached XP level 5. HP: 38/47 MP: 5/5
  1379 | Sewer    | Entered a sewer
  1563 | Sewer    | Noticed a big kobold
  1582 | Sewer    | Killed a big kobold
  1582 | Sewer    | Reached skill level 5 in Fighting
  1582 | Sewer    | Reached skill level 1 in Maces & Flails
  1719 | Sewer    | Reached XP level 6. HP: 55/56 MP: 6/6
  2529 | D:3      | Found a broken altar of Ashenzari.
  2601 | D:4      | Reached XP level 7. HP: 61/62 MP: 7/7
  3881 | D:5      | Entered Level 5 of the Dungeon
  3929 | D:4      | Found an ornate altar of the Wu Jian Council.
  3960 | D:5      | Noticed Eustachio
  4276 | D:4      | Killed Eustachio
  4276 | D:4      | Reached skill level 6 in Fighting
  4757 | D:4      | Mangled by an ogre

Illustrated notes

Levels and vault maps discovered:
D:1:      saegor_arrival_miasma, layout_basic
D:2:      layout_loops_cross, kennysheep_generic_room_12
D:3:      layout_basic, ashenzari_conservatory_becter, gup_sewer_entry_glass
D:4:      layout_loops_cross, kennysheep_mini, kennysheep_mini_moat,
          minmay_temple_entry_fiery
D:5:      layout_layer_cave, lemuel_coloured_pillars_altar,
          chequers_serial_rivers_micro_c, hangedman_decor_slide_cut,
          nicolae_qazlal_general_emergency, uniq_eustachio, uniq_duvessa

Skill      XL: |  1  2  3  4  5  6  7 |
---------------+----------------------+-----
Fighting       | 4 5 6 |  6.2
Armour         | 1 2 3 4 |  4.5
Axes           | 5 |  5.5
Maces & Flails | 1 2 3 |  3.9
Dodging        | 3 |  3.4
Stealth        | |  1.7

Action                   |  1- 3 |  4- 6 |  7- 9 || total
-------------------------+-------+-------+-------++-------
Melee: Hand axe          |   102 |    33 |       ||   135
       Whip              |       |   267 |   170 ||   437
  Use: Potion            |       |     1 |     1 ||     2
       Scroll            |       |       |    10 ||    10
Armor: Ring mail         |    14 |       |       ||    14
       Scale mail        |    51 |   151 |   101 ||   303
Dodge: Dodged            |    65 |   168 |   134 ||   367

Table legend: (Time is in decaauts)
 A = Elapsed time spent in this place.
 B = Non-inter-level travel time spent in this place.
 C = Inter-level travel time spent in this place.
 D = Time resting spent in this place.
 E = Time spent auto-exploring this place.
 F = Levels seen in this place.
 G = Mean time per level.
                   A        B        C        D        E       F      G
               +--------+--------+--------+--------+--------+-----+--------+
         Total |   4767 |   4565 |    202 |    433 |   2583 |   6 |  794.5 |
       Dungeon |   4135 |   3933 |    202 |    433 |   2181 |   5 |  827.0 |
         Sewer |    631 |    631 |      0 |      0 |    402 |   1 |  631.0 |
               +--------+--------+--------+--------+--------+-----+--------+

Top non-repeatable levels by time:
     D:4: 1160 daAuts
     D:1: 1037 daAuts
     D:3: 915 daAuts
     D:2: 835 daAuts
   Sewer: 631 daAuts
     D:5: 186 daAuts
